 Dungeon Crawl Stone Soup version 0.19.5 (webtiles) character file.

179 IcyNumb the Chiller (level 5, -6/31 HPs)
             Began as a High Elf Ice Elementalist on May 19, 2017.
             Blown up by Ijyb (7 damage)
             ... with a wand of disintegration
             ... on level 4 of the Dungeon.
             The game lasted 00:32:32 (4961 turns).

IcyNumb the Chiller (High Elf Ice Elementalist)     Turns: 4961, Time: 00:32:33

Health: -6/31      AC:  2    Str:  7    XL:     5   Next: 33%
Magic:  1/12       EV: 13    Int: 19    God:
Gold:   139        SH:  0    Dex: 16    Spells: 4 memorised, 2 levels left

rFire  . . .     SeeInvis +     (no weapon)
rCold  . . .     Gourm    +     m - +0 robe
rNeg   . . .     Faith    .     (no shield)
rPois  .         Spirit   .     (no helmet)
rElec  .         Reflect  .     (no cloak)
rCorr  .         Harm     .     (no gloves)
MR     .....                    (no boots)
Stlth  ++........               y - amulet of the gourmand
                                (no ring)
                                q - ring of see invisible

@: lethally poisoned (-6 -> -16), very slightly contaminated, drained
A: no striking features
a: no special abilities


You were on level 4 of the Dungeon.
You were not hungry.

You visited 1 branch of the dungeon, and saw 4 of its levels.

You collected 139 gold pieces.

Inventory:

Hand Weapons
 d - a +2 vampiric short sword
Armour
 m - a +0 robe (worn)
Jewellery
 q - a ring of see invisible (left hand)
 y - an amulet of the gourmand (around neck)
Scrolls
 f - a scroll of remove curse {unknown}
 i - a scroll of blinking {unknown}
 l - 2 scrolls of fear {unknown}
 o - a scroll of identify {unknown}
 r - a scroll of fog {unknown}
 t - a scroll of recharging {unknown}
 w - a scroll of random uselessness {unknown}
 x - a scroll of noise {unknown}
Potions
 a - 2 potions of lignification {unknown}
 e - 2 potions of might
 g - a potion of heal wounds {unknown}
 h - 3 potions of agility {unknown}
 k - 2 potions of curing {unknown}
 n - 2 potions of magic {unknown}
 p - a potion of ambrosia {unknown}
 s - a potion of cancellation {unknown}
 u - 2 potions of flight {unknown}
 v - 3 potions of berserk rage {unknown}
Books
 b - a book of Frost

   Spells                             Type                      Level
   a - Freeze                         Ice                          1
   b - Throw Frost                    Conjuration/Ice              2
   c - Ozocubu's Armour               Charms/Ice                   3
   d - Throw Icicle                   Conjuration/Ice              4
   e - Summon Ice Beast               Ice/Summoning                4
Comestibles
 c - 3 bread rations
 j - 3 meat rations


   Skills:
 + Level 2.3(2.1) Dodging
 + Level 2.4(2.2) Stealth
 + Level 0.5(0.3) Unarmed Combat
 + Level 4.0(3.8) Spellcasting
 + Level 2.0(1.8) Conjurations
 + Level 1.0(0.8) Charms
 + Level 4.4(4.2) Ice Magic


You had 2 spell levels left.
You knew the following spells:

 Your Spells              Type           Power        Failure   Level  Hunger
a - Freeze                Ice            ###.         2%          1    None
b - Throw Frost           Conj/Ice       ###...       8%          2    ##.....
c - Ozocubu's Armour      Chrm/Ice       ##......     14%         3    ###....
d - Summon Ice Beast      Ice/Summ       ##......     63%         4    ####...


Dungeon Overview and Level Annotations

Branches:
Dungeon (4/15)
 Temple: D:4-7

Altars:
Nemelex Xobeh

Annotations:
D:4 Ijyb


Message History

You barely miss the goblin.
The goblin is severely wounded.
* * * LOW HITPOINT WARNING * * *
You feel sick. The goblin barely misses you.
Ijyb screams, "Me very upset!"
You hit the goblin.
You kill the goblin!
* * * LOW HITPOINT WARNING * * *
You feel sick.
You hit Ijyb but do no damage.
* * * LOW HITPOINT WARNING * * *
You feel sick. Ijyb closely misses you.
You hit Ijyb but do no damage.
* * * LOW HITPOINT WARNING * * *
You feel sick. Ijyb hits you with a dagger.
* * * LOW HITPOINT WARNING * * *
You hit Ijyb but do no damage.
* * * LOW HITPOINT WARNING * * *
You feel sick.
Ijyb zaps a wand.
You are blasted!
You die...

##.## ###...###
#........
#.#...##. #.##.#
#. #.##.# #.
#.##.# #.
##########.##.###.
#@##..............
#g########.#######
#g# #.####### #†#
#........ #)####
#..###+##
#.##.######.#
#...........#
###..###.##.' #.g#
#.#


You could see Ijyb and a goblin.

Vanquished Creatures
  2 orc wizards (D:3)
  4 adders
  An ooze (D:3)
  A worm (D:3)
  4 dart slugs
  A leopard gecko (D:1)
  3 orcs
  2 giant cockroaches (D:1)
  10 goblins
  9 hobgoblins
  5 quokkas
  A ball python (D:2)
  6 bats
  2 frilled lizards
  11 kobolds
  5 rats
67 creatures vanquished.

Notes
Turn   | Place    | Note
-------+----------+-------------------------------------------
     0 | D:1      | IcyNumb the High Elf Ice Elementalist began the quest for the Orb.
     0 | D:1      | Reached XP level 1. HP: 11/11 MP: 4/4
   515 | D:1      | Reached XP level 2. HP: 13/17 MP: 1/6
   520 | D:1      | Learned a level 2 spell: Throw Frost
  1383 | D:1      | Reached XP level 3. HP: 21/21 MP: 1/8
  1933 | D:2      | Learned a level 3 spell: Ozocubu's Armour
  3043 | D:2      | Found a sparkling altar of Nemelex Xobeh.
  3264 | D:3      | Reached XP level 4. HP: 27/27 MP: 2/10
  3274 | D:3      | Learned a level 4 spell: Summon Ice Beast
  3522 | D:3      | Reached skill level 1 in Charms
  3949 | D:3      | Reached XP level 5. HP: 31/31 MP: 5/11
  4467 | D:4      | Noticed a phantom
  4933 | D:4      | Noticed Ijyb
  4961 | D:4      | HP: 1/31 [poisoned by a goblin]
  4961 | D:4      | Blown up by Ijyb

Skill      XL: |  1  2  3  4  5 |
---------------+----------------+-----
Spellcasting   | 3 4 |  4.0
Charms         | 1 |  1.0
Ice Magic      | 4 |  4.4
Conjurations   | 2 |  2.0
Dodging        | |  2.3
Stealth        | |  2.4
Unarmed Combat | |  0.5

Action                   |  1- 3 |  4- 6 || total
-------------------------+-------+-------++-------
Melee: Unarmed           |    10 |    10 ||    20
 Cast: Freeze            |    25 |    17 ||    42
       Throw Frost       |    62 |    34 ||    96
       Ozocubu's Armour  |     4 |     4 ||     8
  Eat: Chunk             |     6 |     5 ||    11
       Bread ration      |     1 |     1 ||     2
       Pizza             |       |     1 ||     1
Armor: Robe              |     2 |     3 ||     5
Dodge: Dodged            |    26 |    16 ||    42
